 Dungeon Crawl Stone Soup version 0.26.0-41-g79a4fc7684 (webtiles) character file.

Game seed: 16983569041474120824

79 DasRunzen the Skirmisher (level 4, -3/35 HPs)
             Began as a Demonspawn Abyssal Knight on Jan 26, 2021.
             Was a Believer of Lugonu.
             Slain by Grinder (5 damage)
             ... while paralysed by Grinder
             ... on level 3 of the Dungeon.
             The game lasted 00:03:59 (2291 turns).

DasRunzen the Skirmisher (DsAK)                     Turns: 2291, Time: 00:03:59

Health: -3/35      AC:  3    Str: 14    XL:     4   Next: 16%
Magic:  6/6        EV:  2    Int: 13    God:    Lugonu [**....]
Gold:   163        SH:  0    Dex: 12    Spells: 3/3 levels left

rFire    . . .     SeeInvis .   a - +1 spear
rCold    . . .     Faith    .   d - +0 kite shield
rNeg     . . .     Spirit   .   b - +0 leather armour
rPois    .         Reflect  .   f - +0 hat
rElec    .         Harm     .   (no cloak)
rCorr    .         Rampage  .   (no gloves)
Will     .....                  (no boots)
Stlth    ..........             (no amulet)
HPRegen  0.11/turn              g - ring of attention (curse)
MPRegen  0.10/turn              (no ring)

@: paralysed
A: hooves 1, spiny 1
a: Renounce Religion, Depart the Abyss, Bend Space


You were on level 3 of the Dungeon.
You worshipped Lugonu.
Lugonu was pleased with you.
You visited 1 branch of the dungeon, and saw 3 of its levels.
You visited the Abyss 1 time.

You collected 163 gold pieces.

Inventory:

Hand Weapons
 a - a +1 spear (weapon)
Armour
 b - a +0 leather armour (worn)
 d - a +0 kite shield (worn)
 f - a +0 hat (worn)
Jewellery
 g - a cursed ring of attention (left hand)
Scrolls
 h - a scroll of fog
 j - a scroll of identify
Potions
 c - a potion of cancellation
 e - a potion of heal wounds
 i - 2 potions of curing


   Skills:
 + Level 3.4 Fighting
 + Level 2.3 Polearms
 + Level 2.3 Armour
 + Level 1.6 Dodging
 + Level 0.1 Shields
 + Level 3.4 Invocations


You had 3 spell levels left.
You didn't know any spells.
Your spell library was empty.

Dungeon Overview and Level Annotations

Branches:
Dungeon (3/15)

Altars:

Annotations:
D:3 Grinder


Innate Abilities, Weirdness & Mutations

You have large cloven feet.
You are partially covered in sharp spines.


Message History

Pain shoots through your body!
You barely miss Grinder. You kick Grinder, but do no damage.
Grinder is lightly wounded.
Grinder hits you.
You hit Grinder but do no damage.
Grinder is lightly wounded.
Grinder is struck by your spines. Grinder hits you but does no damage.
You hit Grinder but do no damage.
Grinder is moderately wounded.
Grinder hits you.
You writhe in agony.
You hit Grinder. Your kick misses Grinder.
Grinder is moderately wounded.
Grinder gestures at you.
You suddenly lose the ability to move!
Grinder barely misses you. Grinder is struck by your spines. Grinder hits you!
You writhe in agony.
* * * LOW HITPOINT WARNING * * *
Grinder is struck by your spines. Grinder hits you!
* * * LOW HITPOINT WARNING * * *
Grinder is struck by your spines. Grinder hits you.
You die...

#. #.# ### #.# ...#.#
# #.#.# .# .... ..#
#######.#####...#
...........@5...#
############.#####.###
......#....#.....# #
##....#.#.######.#
##.#..#.#.###.##.#
#....##.#........#
#.##.##.##########
#.##.............#####
..####....#.##.#.#...


You could see Grinder.

Vanquished Creatures
  An adder (D:2)
  2 oozes
  A worm (D:2)
  2 dart slugs (D:1)
  A leopard gecko (D:1)
  An orc (D:3)
  12 bats
  4 hobgoblins (D:1)
  4 frilled lizards
  10 goblins
  5 kobolds
  7 rats
50 creatures vanquished.

Notes
Turn   | Place    | Note
-------+----------+-------------------------------------------
     0 | Abyss:1  | DasRunzen the Demonspawn Abyssal Knight began the quest for
                  | the Orb.
     0 | Abyss:1  | Reached XP level 1. HP: 18/18 MP: 2/2
     8 | D:1      | Escaped the Abyss
    80 | D:1      | Reached skill level 1 in Dodging
   155 | D:1      | Gained mutation: You are partially covered in sharp spines.
                  | [demonic ancestry]
   155 | D:1      | Reached XP level 2. HP: 24/24 MP: 4/4
   181 | D:1      | Reached ** piety under Lugonu
   435 | D:1      | Gained mutation: You have large cloven feet. [demonic
                  | ancestry]
   435 | D:1      | Reached XP level 3. HP: 27/29 MP: 5/5
  1330 | D:2      | Reached XP level 4. HP: 26/35 MP: 6/6
  1951 | D:3      | Found a faded altar of an unknown god.
  2274 | D:3      | Noticed Grinder
  2288 | D:3      | Paralysed by Grinder for 4 turns
  2291 | D:3      | Slain by Grinder

Illustrated notes

Levels and vault maps discovered:
D:1:      onia_arrival_mini_maze_b, layout_rooms, minmay_hexomino_u4
D:2:      layout_basic
D:3:      layout_basic, chequers_ecumenical_altar_simple, uniq_grinder

Skill      XL: |  1  2 |
---------------+-------+-----
Dodging        | 1 |  1.6
Polearms       | 2 |  2.3
Armour         | 2 |  2.3
Invocations    | 3 |  3.4
Fighting       | |  3.4
Shields        | |  0.1

Action                   |  1- 3 |  4- 6 || total
-------------------------+-------+-------++-------
Melee: Spear             |   110 |    23 ||   133
       Kick              |    11 |     7 ||    18
  Use: Scroll            |     7 |     2 ||     9
 Stab: Sleeping          |     1 |       ||     1
Armor: Leather armour    |    20 |     3 ||    23
Dodge: Dodged            |    52 |     5 ||    57
Block: Kite shield       |       |     4 ||     4
